2237 views
Uploaded 2023-10-10 20:57:54
Game version 1.36 (6115)
14:34 long 1on1 ladder game on (4)TurtleRock_S2
Saved by Sonnenschein
2237 views
Uploaded 2023-10-10 20:57:54
Game version 1.36 (6115)
14:34 long 1on1 ladder game on (4)TurtleRock_S2

24 units @ 3.7k
/ 0.4k
13 buildings @ 2.1k
/ 0.8k


| Healing Salve | 4 | 400 |
| Lesser Clarity Potion | 4 | 280 |
| Potion of Mana | 2 | 400 |
| Scroll of Speed | 1 | 50 |
| Scroll of Healing | 1 | 250 |
| Boots of Speed | 1 | 250 |
| Potion of Lesser Invulnerability | 1 | 150 |
| total: | 14 | 1780g |
| Peon | 8 | 600 | / | 0 |
| Grunt | 7 | 1400 | / | 0 |
| Shaman | 4 | 520 | / | 80 |
| Raider | 1 | 180 | / | 40 |
| Kodo Beast | 4 | 1020 | / | 240 |
| total: | 24 | 3720g | / | 360w |
| Altar of Storms | 1 | 180 | / | 50 |
| Orc Burrow | 5 | 800 | / | 200 |
| Barracks | 1 | 180 | / | 50 |
| Voodoo Lounge | 2 | 260 | / | 60 |
| War Mill | 1 | 205 | / | 0 |
| Spirit Lodge | 1 | 150 | / | 150 |
| Beastiary | 1 | 145 | / | 140 |
| Tauren Totem | 1 | 135 | / | 155 |
| Stronghold | 1 | 315 | / | 190 |
| total: | 13 | 2055g | / | 805w |
| 0:02 | Peon |
| 0:02 | Peon |
| 0:05 | Altar of Storms |
| 0:16 | Orc Burrow |
| 0:31 | Peon |
| 0:45 | Peon |
| 0:49 | Barracks |
| 1:18 | Peon |
| 1:18 | Peon |
| 1:43 | Peon |
| 1:50 | Grunt |
| 1:57 | Voodoo Lounge |
| 2:02 | Peon |
| 2:11 | Wind Walk |
| 2:41 | Stronghold |
| 2:56 | Orc Burrow |
| 3:51 | Orc Burrow |
| 3:51 | Grunt |
| 3:59 | Grunt |
| 4:07 | Boots of Speed |
| 4:59 | Voodoo Lounge |
| 5:02 | Healing Salve |
| 5:21 | Spirit Lodge |
| 5:50 | Beastiary |
| 6:03 | Grunt |
| 6:12 | Hex |
| 6:19 | Critical Strike |
| 6:33 | Berserker Strength |
| 6:38 | War Mill |
| 6:39 | Shaman |
| 6:54 | Pillage |
| 7:05 | Orc Burrow |
| 7:22 | Shaman Adept Training |
| 7:23 | Ensnare |
| 7:48 | Healing Wave |
| 7:53 | Raider |
| 8:20 | Scroll of Healing |
| 8:20 | Potion of Lesser Invulnerability |
| 8:36 | Wind Walk |
| 8:58 | Kodo Beast |
| 9:43 | Kodo Beast |
| 9:48 | Shaman |
| 9:54 | Grunt |
| 10:22 | Healing Wave |
| 10:37 | Lesser Clarity Potion |
| 10:38 | Potion of Mana |
| 10:40 | Healing Salve |
| 10:40 | Healing Salve |
| 10:53 | Steel Armor |
| 10:54 | Orc Burrow |
| 11:01 | Lesser Clarity Potion |
| 11:09 | Potion of Mana |
| 11:10 | Scroll of Speed |
| 13:14 | Grunt |
| 13:17 | Kodo Beast |
| 13:20 | Shaman |
| 13:23 | Critical Strike |
| 13:26 | Healing Salve |
| 13:26 | Lesser Clarity Potion |
| 13:41 | Tauren Totem |
| 13:43 | Lesser Clarity Potion |
| 13:55 | Kodo Beast |
| 14:04 | Shaman |
| 14:05 | Grunt |
| Right click | 892 |
| Select | 474 |
| Select group | 315 |
| Misc. action | 119 |
| Build/train/purchase | 76 |
| Assign group | 50 |
| Use ability | 43 |
| Item give/drop | 2 |
29 units @ 3.7k
/ 0.8k
10 buildings @ 1.8k
/ 0.7k


| Dust of Appearance | 1 | 75 |
| Scroll of Healing | 1 | 250 |
| Boots of Speed | 1 | 250 |
| Circlet of Nobility | 1 | 175 |
| total: | 4 | 750g |
| Wisp | 14 | 840 | / | 0 |
| Archer | 4 | 520 | / | 40 |
| Druid of the Claw | 7 | 1785 | / | 560 |
| Dryad | 4 | 580 | / | 240 |
| total: | 29 | 3725g | / | 840w |
| Altar of Elders | 1 | 180 | / | 50 |
| Moon Well | 5 | 900 | / | 200 |
| Ancient of War | 1 | 150 | / | 60 |
| Hunter's Hall | 1 | 210 | / | 100 |
| Ancient of Lore | 2 | 310 | / | 290 |
| Tree of Ages | 1 | 320 | / | 180 |
| Tree of Eternity | 1 | 330 | / | 200 |
| total: | 10 | 1750g | / | 700w |
| 0:00 | Wisp |
| 0:04 | Altar of Elders |
| 0:05 | Wisp |
| 0:16 | Moon Well |
| 0:21 | Wisp |
| 0:29 | Ancient of War |
| 0:33 | Wisp |
| 0:41 | Wisp |
| 0:51 | Wisp |
| 1:13 | Wisp |
| 1:21 | Moon Well |
| 1:31 | Archer |
| 1:45 | Wisp |
| 1:50 | Archer |
| 2:10 | Force of Nature |
| 2:16 | Moon Well |
| 2:17 | Wisp |
| 2:54 | Tree of Ages |
| 3:26 | Hunter's Hall |
| 3:58 | Dust of Appearance |
| 3:59 | Boots of Speed |
| 4:00 | Circlet of Nobility |
| 4:11 | Archer |
| 4:31 | Archer |
| 5:18 | Entangling Roots |
| 5:43 | Tree of Eternity |
| 5:49 | Ancient of Lore |
| 6:00 | Improved Bows |
| 6:06 | Strength of the Wild |
| 6:11 | Mana Burn |
| 6:29 | Ancient of Lore |
| 7:20 | Druid of the Claw Adept Training |
| 7:29 | Improved Strength of the Wild |
| 8:03 | Wisp |
| 8:03 | Wisp |
| 8:04 | Wisp |
| 8:04 | Wisp |
| 8:14 | Druid of the Claw |
| 8:18 | Wisp |
| 8:35 | Druid of the Claw Master Training |
| 8:58 | Dryad |
| 9:04 | Evasion |
| 9:14 | Moon Well |
| 9:43 | Druid of the Claw |
| 9:57 | Moon Well |
| 9:58 | Ultravision |
| 10:03 | Reinforced Hides |
| 10:11 | Druid of the Claw |
| 10:27 | Druid of the Claw |
| 10:39 | Thorns Aura |
| 10:52 | Druid of the Claw |
| 11:08 | Dryad |
| 11:08 | Abolish Magic |
| 11:23 | Scroll of Healing |
| 12:34 | Mana Burn |
| 12:48 | Druid of the Claw |
| 13:16 | Druid of the Claw |
| 13:31 | Dryad |
| 13:51 | Evasion |
| 13:53 | Dryad |
| 13:54 | Mark of the Claw |
| 14:05 | Advanced Strength of the Wild |
| Right click | 1280 |
| Select | 451 |
| Select group | 167 |
| Build/train/purchase | 79 |
| Use ability | 52 |
| Assign group | 26 |
| Misc. action | 22 |
| Remove unit | 5 |
โ